 Dungeon Sprint DCSS version 0.29-a0-723-gce39da1c22 (webtiles) character file.

Game seed: 13610864278617757717

2282 zeratav the Spry (level 9, -4/53 HPs)
             Began as a Spriggan Brigand on June 28, 2022.
             Was a Believer of Wu Jian.
             Slain by a demonic crawler (10 damage)
             ... in the Dungeon (Sprint I: "Red Sonja").
             The game lasted 00:07:24 (1064 turns).

zeratav the Spry (Spriggan Brigand)                 Turns: 1064, Time: 00:07:25

Health: -4/53      AC:  5    Str:  7    XL:     9   Next: 16%
Magic:  13/17      EV: 30    Int: 13    God:    Wu Jian [**....]
Gold:   645        SH:  0    Dex: 20    Spells: 18/18 levels left

rFire   . . .      SeeInvis +   a - +2 dagger {short}
rCold   . . .      Faith    .   (no shield)
rNeg    . . .      Spirit   .   b - +0 robe
rPois   .          Reflect  .   o - +2 hat
rElec   .          Harm     .   c - +0 cloak
rCorr   .          Rampage  .   (gloves unavailable)
Will    +....      NoTele   +   (boots unavailable)
Stlth   +++++.....              (no amulet)
HPRegen 0.17/turn               (no ring)
MPRegen 0.15/turn               (no ring)

@: very quick
A: very small, no large weapons, unfitting armour, see invisible, speed 3
a: Renounce Religion, Wall Jump


You were in the Dungeon.
You worshipped Wu Jian.
Wu Jian was pleased with you.
You visited 1 branch You collected 837 gold pieces.
You spent 192 gold pieces at shops.


Innate Abilities, Weirdness & Mutations

You are very small and have problems with some larger weapons.
You are too small for most types of armour.
You have supernaturally acute eyesight. (SInv)
You cover ground extremely quickly. (Speed+++)


   Skills:
 + Level 9.3 Fighting
 - Level 8.0 Short Blades
 - Level 6.0 Throwing
 - Level 5.0 Armour
 - Level 15.0 Dodging
 - Level 12.0 Stealth
 - Level 5.0 Spellcasting


You had 18 spell levels left.
You didn't know any spells.
Your spell library was empty.

Inventory:

Hand Weapons
 a - a +2 dagger (weapon) {short}
 d - a +2 dagger of venom {short}
   (You took it off Sonja in the Dungeon)
Missiles
 e - 5 curare-tipped darts (quivered) {=fthrowing}
 m - 7 poisoned darts {throwing}
Armour
 b - a +0 robe (worn)
 c - a +0 cloak (worn)
 o - a +2 hat (worn)
   (You bought it in a shop in the Dungeon)
Wands
 l - a wand of flame (11)
   (You took it off Ijyb in the Dungeon)
Scrolls
 k - a scroll of blinking {!r}
Potions
 f - a potion of might
 g - 3 potions of heal wounds {@q2}
 h - a potion of haste {@q3}
 i - 2 potions of magic
 j - a potion of berserk rage {!q}
 n - 3 potions of curing {@q1}

Dungeon Overview and Level Annotations

Branches:
Dungeon (1/1) Zot: 27000

Altars:
Cheibriados
Dithmenos
Elyvilon
Fedhas
Gozag
Hepliaklqana
Kikubaaqudgha
Makhleb
Nemelex Xobeh
Okawaru
Qazlal
Ru
Sif Muna
Trog
Uskayaw
Vehumet
Wu Jian
Xom
Yredelemnul
Zin
The Shining One
Jiyva
Lugonu

Shops:
D

(([
##########################
#<.#.)'..#..'..#__#..'..)#
#..'..#.))..#..'.s'..#...##+#
#..#####'#####s#__####).s'..#
#.÷####..#...#s####§$#####..+
#..#__####..##s#c§§.§# ##
#..#_____##'#_s@§§≈§§+
#⌠⌠#_.∩...'..._#§≈≈§.#
####_..__##_.#'##+####
#_____###'#[#[)..###
############.####'###.##
#∩........'...'.....'(∩#
###++++####...##########
#..G... ###.### #G.....
#.#'#.#


You could see 4 demonic crawlers and a centaur warrior.


Message History

You spin and attack the demonic crawler.
You hit the demonic crawler but do no damage.
The demonic crawler shrieks in warning!
The demonic crawler completely misses you.
The demonic crawler closely misses you.
The demonic crawler completely misses you.
The demonic crawler shrieks in warning!
There is an open door here.
You lunge at the demonic crawler.
You hit the demonic crawler but do no damage.
The demonic crawler closely misses you.
The demonic crawler completely misses you.
The demonic crawler misses you.
There is an open door here.
You hit the demonic crawler but do no damage.
The demonic crawler shrieks in warning!
The demonic crawler barely misses you.
The demonic crawler completely misses you.
The demonic crawler barely misses you.
You hear an angry buzzing noise.
MP[+1]
You hit the demonic crawler but do no damage.
You hit the demonic crawler but do no damage.
Your punch misses the demonic crawler. The demonic crawler hits you.
The demonic crawler hits you but does no damage.
The demonic crawler hits you!
The demonic crawler shrieks in warning! x2
You hear a shout!
HP[-12]
You take 12 damage, and now have 41/53 hp.
MASSIVE DAMAGE!! (PAUSE)
You hit the demonic crawler but do no damage.
You hear a shout!
The demonic crawler hits you but does no damage.
The demonic crawler completely misses you.
The demonic crawler misses you. x2; The demonic crawler barely misses you.
The demonic crawler completely misses you.
The demonic crawler shrieks in warning!
The demonic crawler shrieks in warning!
There is an open door here.
The demonic crawler shrieks in warning!
There is an open door here.
You lunge at the demonic crawler.
You hit the demonic crawler but do no damage.
The demonic crawler closely misses you. The demonic crawler hits you! x2
* * * LOW HITPOINT WARNING * * *
HP[-21]
You take 21 damage, and now have 20/53 hp.
MASSIVE DAMAGE!! (PAUSE)
There is an open door here.
HP[+1]
The demonic crawler shrieks in warning!
MP[+1]
There is a burning altar of Makhleb here.
There is an open door here.
You lunge at the demonic crawler.
You hit the demonic crawler but do no damage.
The demonic crawler completely misses you.
The demonic crawler misses you. The demonic crawler hits you!
* * * LOW HITPOINT WARNING * * *
HP[-10]
You take 10 damage, and now have 11/53 hp.
There is an open door here.
There is an open door here.
Throw: 7 darts (curare) {=fthrowing}
Press: ? - help, Q - select action, (/) - cycle Shift-Dir - straight line, f - demonic crawler
Aim: a demonic crawler (80% to hit)
You throw a curare-tipped dart {=fthrowing}.
The curare-tipped dart {=fthrowing} barely misses the demonic crawler.
The demonic crawler shrieks in warning!
You see here a +0 robe.
Throw: 6 darts (curare) {=fthrowing}
Press: ? - help, Q - select action, (/) - cycle Shift-Dir - straight line, f/p - demonic crawler
Aim: a demonic crawler (80% to hit)
You throw a curare-tipped dart {=fthrowing}.
The curare-tipped dart {=fthrowing} hits the demonic crawler.
HP[+1] MP[+1]
You hit the demonic crawler but do no damage.
You hit the demonic crawler but do no damage.
The demonic crawler misses you. The demonic crawler hits you.
* * * LOW HITPOINT WARNING * * *
The demonic crawler misses you.
HP[-2]
You take 2 damage, and now have 10/53 hp.
You hit the demonic crawler but do no damage.
You hit the demonic crawler. Your punch misses the demonic crawler.
The demonic crawler shrieks in warning!
You hit the demonic crawler but do no damage.
The demonic crawler misses you. x2; The demonic crawler hits you.
* * * LOW HITPOINT WARNING * * *
A centaur warrior opens the door.
HP[-4]
You take 4 damage, and now have 6/53 hp.
You spin and attack the demonic crawler.
The centaur warrior shouts!
You hit the demonic crawler. The demonic crawler barely misses you.
The demonic crawler completely misses you.
The demonic crawler hits you!
You die...

Skill      XL: |  1  2  3  4  5  6  7  8  9 |
---------------+----------------------------+-----
Fighting       | 5 7 8 9 |  9.3
Stealth        | 8 9 12 | 12.0
Short Blades   | 8 |  8.0
Dodging        | 3 11 13 15 | 15.0
Armour         | 5 |  5.0
Throwing       | 6 |  6.0
Spellcasting   | 4 5 |  5.0

Action                   |  1- 3 |  4- 6 |  7- 9 || total
-------------------------+-------+-------+-------++-------
Melee: Dagger            |     2 |     4 |    25 ||    31
Throw: Dart              |       |    20 |    11 ||    31
Invok: Lunge             |       |       |     6 ||     6
       Whirlwind         |       |       |     4 ||     4
Evoke: Wand              |       |     1 |     4 ||     5
  Use: Potion            |       |     1 |       ||     1
 Stab: Sleeping          |     2 |     2 |     4 ||     8
Armor: Robe              |       |     1 |     2 ||     3
Dodge: Dodged            |       |    17 |    23 ||    40

Levels and vault maps discovered:
D:        dungeon_sprint_1 [red_sonja_temple_1, red_sonja_temple_small_1]

Notes
Turn   | Place    | Note
-------+----------+-------------------------------------------
     0 | D        | zeratav the Spriggan Brigand began the quest for the Orb.
     0 | D        | Reached XP level 1. HP: 10/10 MP: 2/2
     0 | D        | magus.rc [v1.9.6]
     2 | D        | Noticed Ijyb
     5 | D        | Killed Ijyb
     6 | D        | Reached skill level 5 in Fighting
     6 | D        | Reached XP level 2. HP: 18/18 MP: 3/3
     8 | D        | Noticed an ogre
    11 | D        | Killed an ogre
    12 | D        | Reached skill level 7 in Fighting
    12 | D        | Reached XP level 3. HP: 25/25 MP: 4/4
    12 | D        | Reached XP level 4. HP: 30/30 MP: 5/5
    20 | D        | Noticed Sigmund
    46 | D        | HP: 5/30 [Sigmund/+0 scythe (10)]
    69 | D        | Killed Sigmund
    70 | D        | Reached skill level 8 in Fighting
    70 | D        | Reached skill level 8 in Stealth
    70 | D        | Reached skill level 8 in Short Blades
    70 | D        | Reached skill level 3 in Dodging
    70 | D        | Reached XP level 5. HP: 7/34 MP: 6/6
    70 | D        | Reached XP level 6. HP: 9/39 MP: 7/7
   314 | D        | Found an ornate altar of the Wu Jian Council.
   314 | D        | Found a shimmering blue altar of Sif Muna.
   316 | D        | Found a radiant altar of Vehumet.
   321 | D        | Reached skill level 5 in Dodging
   325 | D        | Became a worshipper of the Wu Jian Council
   341 | D        | Found Salihi's Weapon Emporium.
   341 | D        | Found an ancient bone altar of Kikubaaqudgha.
   341 | D        | Found a hazy altar of Hepliaklqana.
   341 | D        | Found a hide-covered altar of Uskayaw.
   341 | D        | Found a basalt altar of Yredelemnul.
   341 | D        | Found an opulent altar of Gozag.
   341 | D        | Found a snail-covered altar of Cheibriados.
   341 | D        | Found a sacrificial altar of Ru.
   341 | D        | Found a shadowy altar of Dithmenos.
   341 | D        | Noticed a yak
   342 | D        | Found a stormy altar of Qazlal.
   342 | D        | Found a blossoming altar of Fedhas.
   342 | D        | Found a bloodstained altar of Trog.
   342 | D        | Found an iron altar of Okawaru.
   342 | D        | Found a glowing golden altar of the Shining One.
   342 | D        | Found a glowing silver altar of Zin.
   342 | D        | Found a white marble altar of Elyvilon.
   343 | D        | Killed a yak
   344 | D        | Reached skill level 10 in Dodging
   344 | D        | Reached skill level 1 in Armour
   344 | D        | Found a sparkling altar of Nemelex Xobeh.
   355 | D        | Noticed Sonja
   383 | D        | HP: 9/39 [Sonja/+2 dagger of venom (5)]
   389 | D        | Killed Sonja
   390 | D        | Reached skill level 5 in Armour
   390 | D        | Reached skill level 6 in Throwing
   390 | D        | Reached skill level 11 in Dodging
   390 | D        | Reached skill level 9 in Stealth
   390 | D        | Reached XP level 7. HP: 13/43 MP: 8/8
   615 | D        | Found Oqotaq's Weapon Boutique.
   629 | D        | Noticed a shining eye
   629 | D        | Noticed a shining eye
   629 | D        | Noticed a shining eye
   802 | D        | Noticed a deep troll
   848 | D        | Killed a deep troll
   848 | D        | Reached * piety under Wu Jian
   849 | D        | Reached skill level 13 in Dodging
   849 | D        | Reached skill level 12 in Stealth
   849 | D        | Reached XP level 8. HP: 47/47 MP: 9/9
   890 | D        | Found Lets's Armour Emporium.
   895 | D        | Bought a +2 hat for 192 gold pieces
   927 | D        | Noticed a centaur warrior
   927 | D        | Noticed a centaur warrior
   935 | D        | Found a burning altar of Makhleb.
   935 | D        | Found a viscous altar of Jiyva.
   935 | D        | Found a shimmering altar of Xom.
   935 | D        | Found a corrupted altar of Lugonu.
   935 | D        | Noticed a slime creature
   937 | D        | Killed a slime creature
   938 | D        | Reached skill level 14 in Dodging
   982 | D        | Noticed a kobold demonologist
   983 | D        | Noticed a kobold demonologist
   992 | D        | Paralysed by a floating eye for 2 turns
   998 | D        | Paralysed by a floating eye for 4 turns
  1008 | D        | Reached skill level 15 in Dodging
  1008 | D        | Reached skill level 1 in Spellcasting
  1026 | D        | Killed a kobold demonologist
  1026 | D        | Reached ** piety under Wu Jian
  1027 | D        | Reached skill level 4 in Spellcasting
  1027 | D        | Reached XP level 9. HP: 52/52 MP: 10/16
  1028 | D        | Killed a kobold demonologist
  1029 | D        | Reached skill level 9 in Fighting
  1029 | D        | Reached skill level 5 in Spellcasting
  1030 | D        | Noticed a demonic crawler
  1030 | D        | Noticed a demonic crawler
  1030 | D        | Noticed a demonic crawler
  1030 | D        | Noticed a demonic crawler
  1051 | D        | HP: 11/53 [demonic crawler (10)]
  1060 | D        | HP: 10/53 [demonic crawler (2)]
  1064 | D        | Slain by a demonic crawler

Vanquished Creatures
  Sonja (D)
  A deep troll (D)
  2 kobold demonologists (D)
  A slime creature (D)
  Sigmund (D)
  A yak (D)
  A floating eye (D)
  An ogre (D)
  A jelly (D)
  Ijyb (D)
  A ballistomycete spore (D)
12 creatures vanquished.

Vanquished Creatures (others)
  A ballistomycete spore (D)
1 creature vanquished.

Grand Total: 13 creatures vanquished

Table legend:
 A = Non-vault XP
 B = Vault XP
 C = Vault XP percentage of total XP
 D = Non-vault monster count
 E = Vault monster count
 F = Vault count percentage of total count
                 A         B        C        D         E       F
            +---------+---------+-------+---------+---------+-------
      Total |       0 |    3261 | 100.0 |       0 |      11 | 100.0
            +---------+---------+-------+---------+---------+-------
          D |       0 |    3261 | 100.0 |       0 |      11 | 100.0
            +---------+---------+-------+---------+---------+-------

Illustrated notes

Table legend:
 A = Kills in this place as a percentage of kills in entire the game.
 B = Kills by you in this place as a percentage of kills by you in the entire game.
 C = Kills by friends in this place as a percentage of kills by friends in the entire game.
 D = Other kills in this place as a percentage of other kills in the entire game.
 E = Experience gained in this place as a percentage of experience gained in the entire game.
 F = Experience gained in this place divided by the number of levels of this place that you have seen.
                   A       B       C       D       E      F
               +-------+-------+-------+-------+-------+----------------------
         Total | 100.0 | 100.0 |   N/A |   N/A | 100.0 | 3261.0
       Dungeon | 100.0 | 100.0 |   N/A |   N/A | 100.0 | 3261.0
               +-------+-------+-------+-------+-------+----------------------

Table legend: (Time is in decaauts)
 A = Elapsed time spent in this place.
 B = Non-inter-level travel time spent in this place.
 C = Inter-level travel time spent in this place.
 D = Time resting spent in this place.
 E = Time spent auto-exploring this place.
 F = Levels seen in this place.
 G = Mean time per level.
                   A        B        C        D        E       F      G
               +--------+--------+--------+--------+--------+-----+--------+
         Total |    903 |    903 |      0 |    514 |      0 |   1 |  903.0 |
       Dungeon |    903 |    903 |      0 |    514 |      0 |   1 |  903.0 |
               +--------+--------+--------+--------+--------+-----+--------+

Top non-repeatable levels by time:
       D: 903 daAuts
